 Dungeon Crawl Stone Soup version 0.19-a0-1162-g527d089 (webtiles) character file.

896 Skaa the Sneak (level 8, 0/50 HPs)
             Began as a Human Warper on Aug 14, 2016.
             Was an Initiate of Hepliaklqana.
             Slain by a centaur (6 damage)
             ... on level 5 of the Dungeon.
             The game lasted 00:32:21 (7726 turns).

Skaa the Sneak (Human Warper)                       Turns: 7726, Time: 00:32:21

Health: 0/50       AC:  3    Str: 12      XL:     8   Next: 28%
Magic:  11/11      EV: 12    Int: 14 (15) God:    Hepliaklqana [......]
Gold:   291        SH:  0    Dex: 13      Spells: 4 memorised, 1 level left

rFire  . . .     SeeInvis .     k - +0 long sword
rCold  + . .     Gourm    .     r - +0 robe {rC+}
rNeg   . . .     Faith    .     (no shield)
rPois  .         Spirit   .     p - +0 helmet
rElec  .         Dismiss  .     (no cloak)
rCorr  .         Reflect  .     (no gloves)
MR     .....     Harm     .     (no boots)
Stlth  +++.......               (no amulet)
                                (no ring)
                                (no ring)

@: no status effects
A: no striking features
a: Recall Ancestor, Ancestor Identity, Renounce Religion


You were on level 5 of the Dungeon.
You worshipped Hepliaklqana.
Hepliaklqana was noncommittal.
You were not hungry.

You visited 2 branches of the dungeon, and saw 6 of its levels.

You collected 291 gold pieces.

Inventory:

Hand Weapons
 g - a +0 hunting sling
 k - a +0 long sword (weapon)
Missiles
 q - 44 arrows
 s - 78 stones (quivered)
 u - 2 exploding tomahawks
Armour
 p - a +0 helmet (worn)
 r - a +0 robe of cold resistance (worn)
Wands
 e - a wand of random effects (26/48)
Scrolls
 d - 2 scrolls of blinking
 h - 2 scrolls of noise
 i - a scroll of teleportation
 j - 2 scrolls of enchant armour
 l - 2 scrolls of remove curse
 t - 5 scrolls of amnesia
Potions
 b - a potion of heal wounds
 n - a potion of haste
Books
 c - a book of Spatial Translocations

   Spells                             Type                      Level
   a - Apportation                    Translocation                1
   b - Blink                          Translocation                2
   c - Shroud of Golubria             Charms/Translocation         2
   d - Portal Projectile              Translocation                3
   e - Teleport Other                 Translocation                3
   f - Passage of Golubria            Translocation                4
 m - a book of Minor Magic

   Spells                             Type                      Level
   a - Magic Dart                     Conjuration                  1
   b - Blink                          Translocation                2
   c - Call Imp                       Summoning                    2
   d - Repel Missiles                 Charms/Air                   2
   e - Slow                           Hexes                        2
   f - Conjure Flame                  Conjuration/Fire             3
   g - Mephitic Cloud                 Conjuration/Poison/Air       3
Comestibles
 a - 2 meat rations
 f - a bread ration


   Skills:
 - Level 2.0 Fighting
 - Level 2.0 Long Blades
 - Level 1.0 Throwing
 - Level 1.0 Armour
 - Level 2.0 Dodging
 + Level 7.0 Stealth
 - Level 2.0 Spellcasting
 + Level 6.7 Translocations


You had one spell level left.
You knew the following spells:

 Your Spells              Type           Power        Failure   Level  Hunger
a - Apportation           Tloc           ###.......   1%          1    ##.....
b - Blink                 Tloc           N/A          2%          2    ###....
c - Portal Projectile     Tloc           ###...       6%          3    ####...
d - Passage of Golubria   Tloc           N/A          17%         4    #####..


Dungeon Overview and Level Annotations

Branches:
Dungeon (5/15)             Temple (1/1) D:4

Altars:
Ashenzari
Cheibriados
Dithmenos
Elyvilon
Gozag
Hepliaklqana
Kikubaaqudgha
Makhleb
Nemelex Xobeh
Okawaru
Pakellas
Qazlal
Ru
Uskayaw
Xom
Yredelemnul
Zin
The Shining One


Message History

The centaur closely misses you.
Yadidatum hits the centaur but does no damage.
The centaur hits Yadidatum!
Unknown command.
You hit the centaur but do no damage.
The centaur is severely wounded.
Yadidatum hits the centaur.
The centaur hits you.
* * * LOW HITPOINT WARNING * * *
Yadidatum closely misses the centaur.
You hit the centaur but do no damage.
The centaur is severely wounded.
The centaur hits you.
* * * LOW HITPOINT WARNING * * *
The centaur barely misses you.
Yadidatum hits the centaur.
You catch the helpless centaur completely off-guard!
You hit the centaur but do no damage.
The centaur is almost dead.
The centaur hits you but does no damage.
The centaur hits you.
You die...

...## #########.#..#
##..!..##.....##
##..............##
#!...............#
#.........<.......
#.......((........
#......(.........#
#.c@(($...........
#....R.............#
###.................
##....?........###
#..##..####....#
.....#.## ##..#
####...# .. . ##


You could see the friendly Yadidatum the ancestor and a centaur.

Vanquished Creatures
  2 ogres (D:4)
  A giant frog (D:2)
  A scorpion (D:4)
  A hound (D:2)
  2 orc priests (D:3)
  4 orc wizards
  Jessica (D:2)
  Terence (D:2)
  Robin (D:2)
  12 adders
  An ooze (D:3)
  4 worms
  6 dart slugs
  2 giant geckos
  11 orcs
  A ball python (D:3)
  4 giant cockroaches
  19 goblins
  8 hobgoblins
  6 jackals
  A quokka (D:2)
  6 bats
  2 giant newts
  A jackal skeleton (D:4)
  7 kobolds
  2 quokka skeletons (D:4)
  7 rats
  A spectral orc (D:2)
  A fungus (D:2)
116 creatures vanquished.

Vanquished Creatures (collateral kills)
  The ghost of Booris the Sneak, an amateur OpIE of Cheibriados (D:4)
  A jackal (D:4)
2 creatures vanquished.

Vanquished Creatures (others)
  An ancestor (D:4)
1 creature vanquished.

Grand Total: 119 creatures vanquished

Notes
Turn   | Place    | Note
-------+----------+-------------------------------------------
     0 | D:1      | Skaa the Human Warper began the quest for the Orb.
     0 | D:1      | Reached XP level 1. HP: 16/16 MP: 3/3
   265 | D:1      | Reached skill level 1 in Stealth
   306 | D:1      | Reached XP level 2. HP: 18/22 MP: 5/5
   310 | D:1      | Learned a level 2 spell: Blink
   417 | D:1      | Reached skill level 2 in Stealth
   856 | D:2      | Noticed Terence
   932 | D:2      | Reached XP level 3. HP: 24/27 MP: 6/6
  1046 | D:2      | Killed Terence
  1055 | D:2      | Reached XP level 4. HP: 23/33 MP: 7/7
  1160 | D:2      | Reached skill level 3 in Stealth
  1227 | D:2      | Noticed Jessica
  1232 | D:2      | Killed Jessica
  1391 | D:2      | Reached XP level 5. HP: 20/38 MP: 8/8
  1626 | D:2      | Noticed Robin
  1700 | D:2      | Noticed a sky beast
  2202 | D:2      | Learned a level 3 spell: Portal Projectile
  2234 | D:2      | Found a basalt altar of Yredelemnul.
  2427 | D:2      | Killed Robin
  2427 | D:2      | Reached skill level 4 in Stealth
  3383 | D:3      | Reached XP level 6. HP: 40/44 MP: 9/9
  4109 | D:2      | Reached skill level 5 in Translocations
  4489 | D:2      | Reached skill level 5 in Stealth
  4973 | D:3      | Reached XP level 7. HP: 50/50 MP: 10/10
  5987 | D:4      | Noticed Booris's ghost (amateur OpIE)
  6348 | D:4      | Reached skill level 6 in Stealth
  6726 | D:4      | Found a staircase to the Ecumenical Temple.
  6749 | Temple   | Entered the Ecumenical Temple
  6892 | Temple   | Became a worshipper of Hepliaklqana
  7063 | D:3      | Learned a level 4 spell: Passage of Golubria
  7133 | D:4      | Reached XP level 8. HP: 50/50 MP: 11/11
  7541 | D:4      | Killed Booris's ghost
  7541 | D:4      | Reached skill level 7 in Stealth
  7710 | D:5      | Entered Level 5 of the Dungeon
  7726 | D:5      | Slain by a centaur

Vault maps used:
D:1:      matt_arrival_spirals
D:2:      yredelemnul_forgotten_temple_becter, first_bread,
          minmay_gold_behind_fungi, lightli_corner_chamber, uniq_jessica,
          uniq_terence, uniq_robin
D:3:      grunt_decor_arrowhead, minmay_statues_item
D:4:      minmay_misc_feat_alley
Temple:   roderic_octagonal_lattice_temple

Skill      XL: |  1  2  3  4  5  6  7  8 |
---------------+-------------------------+-----
Stealth        | 1 2 3 4 5 6 7 |  7.0
Translocations | 4 5 6 |  6.7
Fighting       | |  2.0
Long Blades    | |  2.0
Throwing       | |  1.0
Armour         | |  1.0
Dodging        | |  2.0
Spellcasting   | |  2.0

Action                   |  1- 3 |  4- 6 |  7- 9 || total
-------------------------+-------+-------+-------++-------
Melee: Falchion          |    70 |    11 |    45 ||   126
       Long sword        |       |       |    85 ||    85
 Fire: Hunting sling     |    10 |   324 |   112 ||   446
Throw: Tomahawk          |       |     5 |       ||     5
 Cast: Blink             |       |    16 |     5 ||    21
Invok: Ancestor Identity |       |       |     2 ||     2
  Use: Scroll            |       |     5 |     1 ||     6
       Potion            |       |     5 |       ||     5
 Stab: Sleeping          |     1 |       |       ||     1
       Distracted        |       |       |     1 ||     1
  Eat: Chunk             |       |    11 |     3 ||    14
       Bread ration      |       |     1 |     1 ||     2
Armor: Leather armour    |    11 |     2 |       ||    13
       Robe              |       |    25 |    22 ||    47
       Skin              |       |    32 |       ||    32
Dodge: Dodged            |    37 |   152 |    67 ||   256
